 Dungeon Crawl Stone Soup version 0.29.1-12-g30fa7ad0bf (webtiles) character file.

Game seed: 10109620556310848634

356 croobank the Conjurer (level 6, -6/39 (43) HPs)
             Began as a Demonspawn Conjurer on Dec 27, 2022.
             Mangled by a hell rat (13 damage)
             ... in a sewer.
             The game lasted 00:38:55 (3571 turns).

croobank the Conjurer (Demonspawn Conjurer)         Turns: 3571, Time: 00:38:56

HP:   -6/39 (43)    AC: 14    Str:  8    XL:     6   Next: 36%
MP:   8/11          EV: 12    Int: 21    God:
Gold: 120           SH:  5    Dex: 11    Spells: 1/11 levels left

rFire   . . .      SeeInvis .   e - +0 hand axe (flame)
rCold   . . .      Faith    .   (no shield)
rNeg    . . .      Spirit   .   a - +0 robe
rPois   .          Reflect  +   (helmet restricted)
rElec   .          Harm     .   p - +2 cloak
rCorr   .          Rampage  .   g - +2 pair of gloves
Will    .....                   (no boots)
Stlth   ++........              c - amulet of reflection
HPRegen 0.13/turn               d - +4 ring of protection
MPRegen 0.12/turn               (no ring)

@: drained
A: horns 2, foul stench 1, sharp scales 2
a: no special abilities


You were in a sewer.
You visited 1 branch of the dungeon, and saw 4 of its levels.
You also visited: Sewer.

You collected 120 gold pieces.

Inventory:

Hand Weapons
 b - a +0 flail
 e - a +0 hand axe of flaming (weapon)
 f - a +0 whip
 h - a +0 dagger
 m - a +0 spear
Missiles
 j - 6 poisoned darts
 u - 5 curare-tipped darts
 y - 5 datura-tipped darts
Armour
 a - a +0 robe (worn)
 g - a +2 pair of gloves (worn)
 o - a +0 plate armour of fire resistance
 p - a +2 cloak (worn)
 x - a +0 ring mail
Jewellery
 c - an amulet of reflection (around neck)
 d - a +4 ring of protection (left hand)
Wands
 k - a wand of quicksilver (3)
Scrolls
 n - 2 scrolls of vulnerability
Potions
 r - a potion of cancellation
 s - a potion of might
 t - a potion of mutation {unknown}
 v - a potion of curing


   Skills:
 * Level 1.1 Fighting
 + Level 3.2 Dodging
 + Level 3.4 Stealth
 + Level 3.4 Spellcasting
 + Level 5.0 Conjurations
 + Level 0.6 Hexes
 + Level 0.4 Translocations


You had one spell level left.
You knew the following spells:

 Your Spells              Type           Power      Damage    Failure   Level
a - Magic Dart            Conj           96%        1d7       1%          1
b - Searing Ray           Conj           48%        2d6       2%          2
c - Dazzling Flash        Conj/Hex       30%        N/A       12%         3
d - Iskenderun's Mystic   Conj/Tloc      15%        2d5       38%         4

Your spell library contained the following spells:

 Spells                   Type           Power      Damage    Failure   Level
 Fulminant Prism          Conj/Hex       7%         3d7       36%         4


Dungeon Overview and Level Annotations

Branches:
Dungeon (4/15)              Sewer (1/1)
 Temple: D:4-7

Altars:

Annotations:
D:2 Sigmund, Terence


Innate Abilities, Weirdness & Mutations

You have a pair of horns on your head.
You may rarely emit foul miasma when damaged in melee.
You are mostly covered in razor-sharp scales. (AC +2, Slay +2)


Message History

The river rat is moderately wounded.
You block the river rat's attack.
You barely miss the river rat.
The river rat is moderately wounded.
The river rat bites you but does no damage.
You block the river rat's attack.
You hit the river rat. You burn the river rat.
Your headbutt misses the river rat.
The river rat is heavily wounded.
The river rat closely misses you.
You hit the river rat but do no damage. You headbutt the river rat.
The river rat is almost dead.
The river rat bites you.
You closely miss the river rat. You headbutt the river rat.
You kill the river rat!
You enter the shallow water.
Moving in this stuff is going to be slow.
You enter the shallow water.
Moving in this stuff is going to be slow.
You enter the shallow water.
Moving in this stuff is going to be slow.
You enter the shallow water.
Moving in this stuff is going to be slow.
You open the door.
A hell rat comes into view.
Found four items.
Found a gate leading back out of this place.
You barely miss the hell rat. The hell rat bites you!
You closely miss the hell rat.
The hell rat bites you but does no damage.
The hell rat bites you!
You feel drained.
You hit the hell rat but do no damage. The hell rat bites you!
You feel drained. The hell rat bites you!
* * * LOW HITPOINT WARNING * * *
Casting: Searing Ray (safe; 2% risk of failure)
Confirm with . or Enter, or press ? or * to list all spells.
Casting: Dazzling Flash (dangerous; 12% risk of failure)
Press: ? - help, Dir - look around, f - activate The hell rat bites you!
You die...

#########
###~.~...~###
###~~~..~@~..~###
#...~.##r##~....#
##~.~###~~
###...##
#~..##~~~~ ##~..#
#~~.#.~.~~ #.~~#
#.~†##.??? #...#
##~.~###?∩
##.~~##
#.~~.~#####~.~~.#
###~~~~~∩~~.~~###


You could see a hell rat.

Vanquished Creatures
  An ogre (D:4)
  2 kobold brigands (D:3)
  Jessica (D:3)
  2 adders
  2 river rats (Sewer)
  2 worms
  2 dart slugs
  An orc (D:3)
  5 bats
  5 giant cockroaches
  5 goblins
  11 hobgoblins
  11 kobolds
  5 quokkas
  4 ball pythons
  3 frilled lizards
  9 rats
71 creatures vanquished.

Notes
Turn   | Place    | Note
-------+----------+-------------------------------------------
     0 | D:1      | croobank the Demonspawn Conjurer began the quest for the
                  | Orb.
     0 | D:1      | Reached XP level 1. HP: 13/13 MP: 3/3
    48 | D:1      | Found a faded altar of an unknown god.
   455 | D:1      | Gained mutation: You have a pair of small horns on your
                  | head. [demonic ancestry]
   455 | D:1      | Reached XP level 2. HP: 9/19 MP: 0/5
   848 | D:1      | Learned a level 2 spell: Searing Ray
  1383 | D:2      | Gained mutation: You are partially covered in razor-sharp
                  | scales. (AC +1, Slay +1) [demonic ancestry]
  1383 | D:2      | Reached XP level 3. HP: 24/24 MP: 0/6
  1543 | D:2      | Noticed Sigmund
  1546 | D:2      | Noticed Terence
  1573 | D:3      | Noticed Jessica
  1598 | D:3      | Killed Jessica
  1601 | D:3      | Gained mutation: You may rarely emit foul miasma when
                  | damaged in melee. [demonic ancestry]
  1601 | D:3      | Reached XP level 4. HP: 6/30 MP: 0/7
  1839 | D:3      | Learned a level 3 spell: Dazzling Flash
  2432 | D:3      | Noticed a kobold brigand
  2441 | D:3      | Noticed a kobold brigand
  2444 | D:3      | Killed a kobold brigand
  2445 | D:3      | Gained mutation: You are mostly covered in razor-sharp
                  | scales. (AC +2, Slay +2) [demonic ancestry]
  2445 | D:3      | Reached XP level 5. HP: 14/35 MP: 1/9
  2854 | D:3      | Learned a level 4 spell: Iskenderun's Mystic Blast
  3328 | D:4      | Noticed an ogre
  3331 | D:4      | Killed an ogre
  3332 | D:4      | Reached skill level 1 in Fighting
  3332 | D:4      | Reached skill level 5 in Conjurations
  3332 | D:4      | Gained mutation: You have a pair of horns on your head.
                  | [demonic ancestry]
  3332 | D:4      | Reached XP level 6. HP: 43/43 MP: 9/11
  3424 | D:4      | Found a glowing drain.
  3466 | Sewer    | Entered a sewer
  3571 | Sewer    | Mangled by a hell rat

Illustrated notes

Levels and vault maps discovered:
D:1:      dpeg_arrival_shrine, layout_basic, ebering_ecumenical_altar_mist
D:2:      layout_basic, minmay_surrounded, uniq_sigmund, uniq_terence
D:3:      cheibrodos_thug_alley, layout_rooms, uniq_jessica
D:4:      layout_loops_ring, mainiacjoe_overflow_alcove_4,
          gup_sewer_entry_spiral, hellmonk_ghost_happy_afterlife
Sewer:    sewer_hellmonk_bad_rat

Skill      XL: |  1  2  3  4  5 |
---------------+----------------+-----
Dodging        | 2 3 |  3.2
Stealth        | 2 3 |  3.4
Spellcasting   | 3 |  3.4
Fighting       | 1 |  1.1
Conjurations   | 5 |  5.0
Hexes          | |  0.6
Translocations | |  0.4

Action                   |  1- 3 |  4- 6 || total
-------------------------+-------+-------++-------
Melee: Unarmed           |    21 |       ||    21
       Dagger            |     8 |    16 ||    24
       Headbutt          |       |    14 ||    14
       Hand axe          |       |    46 ||    46
 Cast: Magic Dart        |    30 |    24 ||    54
       Searing Ray       |     8 |     8 ||    16
       Dazzling Flash    |       |     1 ||     1
Evoke: Wand              |       |     6 ||     6
  Use: Potion            |     1 |     2 ||     3
       Scroll            |       |     7 ||     7
 Stab: Sleeping          |       |     2 ||     2
Armor: Robe              |    12 |    18 ||    30
       Skin              |       |    11 ||    11
Dodge: Dodged            |    31 |    20 ||    51
Block: Other             |    10 |    15 ||    25
       Reflection        |     1 |       ||     1
